 Dungeon Crawl Stone Soup version 0.30.1-4-g462c640d31 (webtiles) character file.

Game seed: 7277796642563009319

1753 hypnoticbox30 the Cleaver (level 8, -11/109 HPs)
             Began as a Minotaur Berserker on Sept 7, 2023.
             Was a Priest of Trog.
             Killed by nerve-wracking pain
             ... invoked by an orc priest
              (12 damage)
             ... on level 8 of the Dungeon.
             The game lasted 00:25:56 (4105 turns).

hypnoticbox30 the Cleaver (Minotaur Berserker)      Turns: 4105, Time: 00:25:56

Health: -11/109    AC: 10    Str: 30    XL:     8   Next: 78%
Magic:  7/7        EV: 13    Int:  4    God:    Trog [***...]
Gold:   108        SH:  0    Dex: 10    Spells: 7/7 levels left

rFire   . . .        a - +0 hand axe
rCold   + . .        (no shield)
rNeg    . . .        s - +3 ring mail {rPois}
rPois   +            (helmet restricted)
rElec   .            (no cloak)
rCorr   .            d - +0 pair of gloves
SInv    .            (no boots)
Will    .....        (no amulet) Stlth
                     h - +6 ring of strength
HPRegen 0.38/turn    k - ring of protection from cold
MPRegen 0.10/turn

%: no passive effects
@: berserking, weakened, very quick
A: horns 2, retaliatory headbutt
a: Renounce Religion, Berserk, Trog's Hand


You were on level 8 of the Dungeon.
You worshipped Trog.
Trog was most pleased with you.
You visited 2 branches of the dungeon, and saw 9 of its levels.

You collected 338 gold pieces.
You spent 230 gold pieces at shops.

Inventory:

Hand Weapons
 a - a +0 hand axe (weapon)
 f - a +0 sling
 y - a +0 war axe
Missiles
 g - 65 stones (quivered)
Armour
 d - a +0 pair of gloves (worn)
 e - +0 acid dragon scales
 s - a +3 ring mail of poison resistance (worn)
Jewellery
 h - a +6 ring of strength (left hand)
 k - a ring of protection from cold (right hand)
 q - a ring of positive energy
 v - a ring of poison resistance
 w - a ring of resist corrosion
Wands
 i - a wand of polymorph (7)
 u - a wand of mindburst (18)
 z - a wand of paralysis (3)
Scrolls
 b - a scroll of acquirement {unknown}
 c - a scroll of magic mapping
 o - a scroll of enchant armour {unknown}
 r - a scroll of blinking
 x - a scroll of amnesia {unknown}
 B - a scroll of noise {unknown}
Potions
 j - 2 potions of curing
 l - a potion of resistance {unknown}
 m - 2 potions of degeneration
 n - a potion of cancellation
 p - a potion of lignification {unknown}
 t - a potion of flight {unknown}
 A - a potion of ambrosia {unknown}


   Skills:
 + Level 7.1 Fighting
 + Level 8.6 Axes
 + Level 7.0 Armour
 + Level 5.9 Dodging
 + Level 1.2 Stealth
 + Level 0.1 Evocations


You had 7 spell levels left.
You didn't know any spells.
Your spell library contained the following spells:

 Spells                   Type           Power      Damage    Failure   Level
 Freeze                   Ice            0%         1d3       61%         1
 Scorch                   Fire           0%         2d5       75%         2
 Frozen Ramparts          Ice            0%         1d1       93%         3
 Hailstorm                Conj/Ice       0%         3d3       93%         3
 Flame Wave               Conj/Fire      0%         2d4       100%        4
 Summon Cactus Giant      Summ           0%         N/A       100%        6


Dungeon Overview and Level Annotations

Branches:
Dungeon (8/15)             Temple (1/1) D:5
   Lair: D:8-11

Altars:
Ashenzari
Elyvilon
Hepliaklqana
Trog
Uskayaw
Wu Jian
Yredelemnul

Shops:
D:4 ?[   D:5 :*

Annotations:
D:6 Sigmund


Innate Abilities, Weirdness & Mutations

You have a pair of horns on your head.
You reflexively headbutt those who attack you in melee.


Message History

You headbutt the gnoll bouda!
The gnoll bouda is severely wounded.
You hit the orc priest.
The orc priest hits you with a +0 short sword.
* * * LOW HITPOINT WARNING * * *
The gnoll bouda gazes fiercely through you!
You feel your attacks grow feeble. The gnoll bouda closely misses you.
An orc wizard comes into view. It is wielding a +0 short sword.
You closely miss the gnoll bouda.
The gnoll bouda is severely wounded.
You closely miss the orc priest.
The gnoll bouda gazes fiercely through you!
You feel as though you will be weak longer.
The gnoll bouda barely misses you.
The orc priest looks satisfied for a moment.
The orc priest invokes the aid of Beogh against you.
Pain shoots through your body!
* * * LOW HITPOINT WARNING * * *
You slash the orc priest!
You feel the power of Trog in you as your rage grows.
You kill the orc priest!
Trog accepts your kill.
You slash the gnoll bouda!
You kill the gnoll bouda!
Trog accepts your kill.
The orc priest miscasts a cantrip.
You hit the orc priest. Your headbutt misses the orc priest.
The orc priest is moderately wounded.
You hit the orc priest but do no damage.
You headbutt the orc priest!
The orc priest is severely wounded.
An orc comes into view. It is wielding a +0 flail.
An orc comes into view. It is wielding a +0 hand axe.
An orc comes into view. It is wielding a +0 flail.
The orc priest hits you with a +0 mace.
* * * LOW HITPOINT WARNING * * *
The orc priest invokes the aid of Beogh against you.
Pain shoots through your body!
You die...

#.....≈.≈≈......#
#_.≈≈≈.......≈...
###.....≈.≈≈.......
##.#.≈≈≈.....≈≈.≈≈≈.
##..######≈≈≈...†.≈≈.
#..........#######...
#..............)...##
#......)...#########
#...@).....#
#...o)....[#
###........##
##...o......##
#..o.o.......#
#..........$..#
..............#
...ooo..<.....#
.............#


You could see 3 orc priests, an orc wizard and 3 orcs.

Vanquished Creatures
  A hornet (D:8)
  An acid dragon (D:8)
  A water moccasin (D:7)
  4 ice beasts
  An orc warrior (D:7)
  A black bear (D:7)
  An ogre (D:3)
  A kobold brigand (D:7)
  A bullfrog (D:7)
  A scorpion (D:5)
  2 jellies
  2 hounds
  An orc priest (D:8)
  A gnoll bouda (D:8)
  A sleepcap (D:6)
  3 iguanas
  2 orc wizards
  5 gnolls
  8 adders
  A white imp (D:7)
  An ufetubus (D:6)
  2 dart slugs
  A worm (D:2)
  7 orcs
  4 ball pythons
  4 endoplasms
  3 hobgoblins
  3 bats
  3 frilled lizards
  7 goblins
  9 kobolds
  4 rats
87 creatures vanquished.

Vanquished Creatures (others)
  2 gnolls (D:8)
2 creatures vanquished.

Grand Total: 89 creatures vanquished

Notes
Turn   | Place    | Note
-------+----------+-------------------------------------------
     0 | D:1      | hypnoticbox30 the Minotaur Berserker began the quest for
                  | the Orb.
     0 | D:1      | Reached XP level 1. HP: 19/19 MP: 0/0
   279 | D:1      | Reached XP level 2. HP: 24/27 MP: 1/1
   318 | D:2      | Reached skill level 4 in Axes
   437 | D:2      | Reached XP level 3. HP: 19/34 MP: 2/2
   546 | D:2      | Reached ** piety under Trog
   884 | D:3      | Noticed an ogre
   902 | D:3      | Reached XP level 4. HP: 41/41 MP: 3/3
   905 | D:3      | Killed an ogre
   906 | D:3      | Reached skill level 5 in Fighting
   906 | D:3      | Reached skill level 5 in Axes
   906 | D:3      | Reached XP level 5. HP: 30/48 MP: 4/4
  1058 | D:4      | Found Gataank's Magic Scroll Emporium.
  1186 | D:4      | Found Suus's Armour Emporium.
  1486 | D:4      | HP: 2/48 [orc wizard/+0 dagger (4)]
  1707 | D:5      | Entered Level 5 of the Dungeon
  1763 | D:5      | Found Bikyonit's General Store.
  2016 | D:4      | Bought a +3 ring mail of poison resistance for 230 gold
                  | pieces
  2237 | D:5      | Found an ornate altar of the Wu Jian Council.
  2267 | D:5      | Found Hekhur's Book Emporium.
  2317 | D:5      | Reached XP level 6. HP: 53/57 MP: 5/5
  2360 | D:5      | Found a staircase to the Ecumenical Temple.
  2367 | D:5      | Noticed an ice beast
  2378 | D:5      | Killed an ice beast
  2393 | D:5      | Reached skill level 6 in Axes
  2395 | Temple   | Entered the Ecumenical Temple
  2449 | D:5      | Found a basalt altar of Yredelemnul.
  2608 | D:6      | Reached XP level 7. HP: 58/62 MP: 6/6
  2642 | D:6      | Found a broken altar of Ashenzari.
  2804 | D:6      | Reached skill level 5 in Armour
  2911 | D:6      | Noticed Sigmund
  3122 | D:7      | Reached skill level 7 in Axes
  3122 | D:7      | Reached skill level 5 in Dodging
  3122 | D:7      | Reached XP level 8. HP: 25/71 MP: 7/7
  3455 | D:7      | Reached skill level 1 in Stealth
  3462 | D:7      | Noticed a green ugly thing
  3474 | D:7      | HP: 3/71 [poisoned by a green ugly thing]
  3776 | D:8      | Found a hide-covered altar of Uskayaw.
  3802 | D:8      | a steam dragon changed into a hornet
  3802 | D:8      | Noticed a hornet
  3808 | D:8      | Killed a hornet
  3809 | D:8      | Reached skill level 8 in Axes
  4069 | D:8      | Reached *** piety under Trog
  4102 | D:8      | HP: 5/109 [orc priest/nerve-wracking pain (10)]
  4105 | D:8      | HP: 1/109 [orc priest/+0 mace (5)]
  4105 | D:8      | Killed from afar by an orc priest

Illustrated notes

Levels and vault maps discovered:
D:1:      scummos_arrival_forest, layout_loops_ring, nicolae_shop_vocational
D:2:      layout_basic
D:3:      layout_loops_ring, grunt_dithmenos_smoke, marbit_many_paths,
          mainiacjoe_overflow_small_starburst
D:4:      layout_gridville, serial_shops, shop_statue, shop_coins, uniq_edmund
D:5:      minmay_chambers_of_fours, layout_basic, lemuel_round_altar,
          mainiacjoe_overflow_paths, minmay_temple_entry_offerings,
          gammafunk_ghost_smash, serial_shops, nicolae_book_shop_shelving,
          nicolae_shop_peninsula, nicolae_shop_pleasant_corner_grove, shop
D:6:      layout_basic, kennysheep_little_box, grunt_tough_drop, uniq_sigmund
D:7:      layout_loops_cross, minmay_manual_monstrance
D:8:      layout_rooms, vehumet_crystals, nicolae_uskayaw_suspiria,
          serial_shops, shop_statue, kennysheep_generic_room_12
Temple:   dpeg_chambers_temple

Skill      XL: |  1  2  3  4  5  6  7  8 |
---------------+-------------------------+-----
Fighting       | 4 5 6 7 |  7.1
Axes           | 4 5 6 7 8 |  8.6
Armour         | 3 4 6 7 |  7.0
Dodging        | 3 4 5 |  5.9
Stealth        | 1 |  1.2
Evocations     | |  0.1

Action                     |  1- 3 |  4- 6 |  7- 9 || total
---------------------------+-------+-------+-------++-------
  Melee: Hand axe          |    52 |    73 |   123 ||   248
         Headbutt          |     6 |    12 |    30 ||    48
         Punch             |     1 |     2 |     3 ||     6
 Invoke: Trog's Hand       |       |       |     1 ||     1
         Berserk           |       |       |     1 ||     1
  Evoke: Wand              |       |       |     2 ||     2
    Use: Scroll            |     1 |     6 |     2 ||     9
         Potion            |       |       |     1 ||     1
 Armour: Animal skin       |     5 |       |       ||     5
         Ring mail         |    10 |    38 |    60 ||   108
  Dodge: Dodged            |    56 |    47 |    95 ||   198
